 Dungeon Crawl Stone Soup version 0.21-a0-221-gfe971b9 (webtiles) character file.

2891 Gorglomux the Cleaver (level 9, -6/85 HPs)
             Began as a Hill Orc Earth Elementalist on Aug 26, 2017.
             Was an Elder of Okawaru.
             Killed from afar by an electric eel (8 damage)
             ... with a bolt of electricity
             ... on level 8 of the Dungeon.
             The game lasted 00:17:57 (10024 turns).

Gorglomux the Cleaver (HOEE)                       Turns: 10024, Time: 00:17:57

Health: -6/85      AC: 13    Str: 17    XL:     9   Next: 77%
Magic:  11/11      EV:  7    Int: 15    God:    Okawaru [****..]
Gold:   331        SH:  0    Dex: 14    Spells: 10/11 levels left

rFire    . . .     SeeInvis .   b - +3 dagger (venom)
rCold    . . .     Gourm    .   (no shield)
rNeg     . . .     Faith    +   A - +0 chain mail
rPois    .         Spirit   .   (no helmet)
rElec    .         Reflect  .   O - +0 cloak
rCorr    .         Harm     .   D - +2 pair of gloves {Dex+3}
MR       +....                  (no boots)
Stlth    ..........             v - amulet of faith
HPRegen  0.24/turn              m - ring of protection from magic
MPRegen  0.12/turn              y - +3 ring of strength

@: hasted, very quick
A: no striking features
a: Heroism, Renounce Religion


You were on level 8 of the Dungeon.
You worshipped Okawaru.
Okawaru was greatly pleased with you.
You were hungry.

You visited 1 branch of the dungeon, and saw 8 of its levels.
You also visited: Ossuary.

You collected 331 gold pieces.

Inventory:

Hand Weapons
 a - a +2 hand axe of electrocution
 b - a +3 dagger of venom (weapon)
 f - a +0 dagger
Missiles
 w - 157 stones (quivered)
Armour
 A - a +0 chain mail (worn)
 D - a +2 pair of gloves of dexterity (worn)
 O - a +0 cloak (worn)
Jewellery
 m - a ring of protection from magic (left hand)
 v - an amulet of faith (around neck)
 y - a +3 ring of strength (right hand)
Wands
 E - a wand of enslavement (22/24)
Scrolls
 j - 2 scrolls of random uselessness {unknown}
 k - 6 scrolls of remove curse
 o - 2 scrolls of immolation {unknown}
 s - 2 scrolls of recharging
 T - 3 scrolls of teleportation
 U - 2 scrolls of amnesia {unknown}
 V - 3 scrolls of enchant armour {unknown}
 W - a scroll of silence {unknown}
 X - a scroll of magic mapping {unknown}
Potions
 r - 2 potions of heal wounds
 t - 2 potions of berserk rage
 u - 2 potions of might
 C - a potion of cancellation {unknown}
 M - 4 potions of haste
 N - a potion of lignification
 Q - 4 potions of curing
 R - a potion of degeneration {unknown}
 S - 3 potions of brilliance {unknown}
 Y - 2 potions of resistance
Books
 e - a book of Geomancy

   Spells                             Type                      Level
   a - Sandblast                      Earth                        1
   b - Passwall                       Transmutation/Earth          2
   c - Stone Arrow                    Conjuration/Earth            3
   d - Petrify                        Transmutation/Earth          4
   e - Lee's Rapid Deconstruction     Earth                        5
Comestibles
 d - 2 bread rations
 z - a meat ration
 Z - 5 fruits


   Skills:
 - Level 10.0 Fighting
 + Level 11.7 Axes
 + Level 4.2 Armour
 - Level 1.5 Dodging
 - Level 1.5 Stealth
 - Level 1.5 Spellcasting
   Level 0.6 Transmutations
 - Level 3.0 Earth Magic


You had 10 spell levels left.
You knew the following spells:

 Your Spells              Type           Power        Failure   Level  Hunger
a - Sandblast             Erth           ##....       67%         1    ##.....


Dungeon Overview and Level Annotations

Branches:
Dungeon (8/15)             Temple (0/1) D:5            Lair (0/6) D:8

Altars:
Cheibriados
Elyvilon
Hepliaklqana
Makhleb
Nemelex Xobeh
Okawaru
Sif Muna
The Shining One

Annotations:
D:3 flowsnake's ghost, amateur GnSk


Message History

The electric eel shoots out a butt of lightning at you!!!
The bolt of electricity hits you!!! * * * don't die
* * * The bolt of butt butts you!!! * * * butt't die
* * * The electric eel shoots out a bolt of lightning at you!!!
The bolt of electricity hits the electric eel!
The electric eel completely resists!
The bolt of butt hits you!!! * * * don't die
* * * Unknown command!
You feel much better!
The electric eel shoots out a bolt of lightning at you!!!
The bolt of electricity hits the electric eel!
The electric eel butt-ly resists!
The bolt of electricity hits you!!! * * * don't die
* * * The bolt of electricity hits you!!! * * * don't die
* * * The electric eel shoots out a bolt of lightning at you!!!
The bolt of electricity hits you!!! rip

≈.≈≈≈≈......≈≈;≈≈≈..#
.≈≈≈≈..>............#
≈≈.≈≈≈...≈≈≈≈≈≈≈≈≈..# ###
..≈≈≈..≈...≈≈≈≈.....# ######..
≈≈.≈≈≈≈..≈≈≈≈≈≈;≈≈..## #.......
..≈≈≈≈≈≈≈≈≈≈≈≈≈≈T....# #.####.#
..≈..≈≈≈≈≈≈..≈≈;.....# #.# #.#
.....≈..≈......≈...s.#####.####.#
........≈.......@.O..............
.......#######.############.###..
######## #.# #.# ### #.# #.#
########### #.######## #.#
##.........# #.......<# #.#
...#######.# ########)# #.# ####
#.# #.# #.# #># #(#####.#


You could see a two-headed ogre, a troll, 2 electric eels and a giant cockroach.

Vanquished Creatures
  Sigmund (D:6)
  A wyvern (D:8)
  A wraith (Ossuary)
  A hungry ghost (D:8)
  2 black bears (D:8)
  2 orc warriors (D:6)
  2 ogres (D:3)
  2 phantoms (D:5)
  2 centaurs
  A bullfrog (D:6)
  Blork the orc (D:6)
  A scorpion (D:6)
  3 howler monkeys
  3 wights (D:6)
  3 crimson imps
  A jelly (D:5)
  7 hounds
  4 orc priests
  A centaur skeleton (D:5)
  An iguana (D:7)
  4 orc wizards
  2 worker ants
  Natasha (D:3)
  A big kobold zombie (Ossuary)
  4 mummies
  Robin (D:4)
  10 adders
  2 oozes (D:2)
  5 worms
  A dart slug (D:3)
  3 leopard geckos
  24 orcs
  A ball python (D:6)
  5 giant cockroaches
  A gnoll zombie (Ossuary)
  16 goblins
  14 hobgoblins
  6 jackals
  5 quokkas
  7 bats
  2 frilled lizards (D:3)
  A goblin zombie (Ossuary)
  3 hobgoblin zombies (Ossuary)
  8 kobolds
  5 kobold zombies
  A leopard gecko skeleton (D:4)
  An orc zombie (D:5)
  A quokka zombie (D:3)
  12 rats
187 creatures vanquished.

Vanquished Creatures (collateral kills)
  A giant cockroach zombie (D:6)
1 creature vanquished.

Grand Total: 188 creatures vanquished

Notes
Turn   | Place    | Note
-------+----------+-------------------------------------------
     0 | D:1      | Gorglomux the Hill Orc Earth Elementalist began the quest for the Orb.
     0 | D:1      | Reached XP level 1. HP: 14/14 MP: 3/3
   140 | D:1      | Reached skill level 1 in Fighting
   254 | D:1      | Reached XP level 2. HP: 24/24 MP: 2/4
  1141 | D:1      | Reached skill level 1 in Axes
  1481 | D:2      | Reached XP level 3. HP: 21/30 MP: 3/5
  1730 | D:2      | Reached skill level 2 in Axes
  2103 | D:2      | Found a burning altar of Makhleb.
  2109 | D:2      | Reached skill level 3 in Fighting
  2109 | D:2      | Reached XP level 4. HP: 34/38 MP: 6/6
  2162 | D:2      | Reached skill level 3 in Axes
  2560 | D:2      | Found a deep blue altar of Sif Muna.
  2624 | D:2      | Found an iron altar of Okawaru.
  2678 | D:2      | Became a worshipper of Warmaster Okawaru
  2884 | D:3      | Noticed an ogre
  3109 | D:3      | Noticed flowsnake's ghost (amateur GnSk)
  3174 | D:3      | Killed an ogre
  3174 | D:3      | Reached * piety under Okawaru
  3174 | D:3      | Reached skill level 4 in Axes
  3174 | D:3      | Reached XP level 5. HP: 24/47 MP: 7/7
  3706 | D:3      | Reached XP level 6. HP: 50/56 MP: 8/8
  3825 | D:3      | Reached skill level 5 in Axes
  4325 | D:3      | Found a white marble altar of Elyvilon.
  4814 | D:4      | Noticed Natasha
  4835 | D:3      | Reached skill level 6 in Fighting
  4835 | D:3      | Reached skill level 6 in Axes
  4835 | D:3      | Reached XP level 7. HP: 54/63 MP: 7/9
  5169 | D:3      | Killed Natasha
  5247 | D:4      | Noticed Robin
  5464 | D:4      | Killed Robin
  5853 | D:5      | Entered Level 5 of the Dungeon
  5881 | D:5      | Reached skill level 7 in Axes
  5890 | D:5      | Reached ** piety under Okawaru
  5973 | D:5      | Found a sand-covered staircase.
  6112 | Ossuary  | Entered an ossuary
  6112 | Ossuary  | Noticed a wraith
  6112 | Ossuary  | Noticed a wraith
  6112 | Ossuary  | Noticed a wraith
  6179 | Ossuary  | Reached XP level 8. HP: 70/73 MP: 10/10
  6220 | Ossuary  | Noticed a wraith
  6237 | Ossuary  | Killed a wraith
  6237 | Ossuary  | Reached skill level 8 in Axes
  6565 | D:5      | Found a glowing golden altar of the Shining One.
  7238 | D:5      | Found a staircase to the Ecumenical Temple.
  7332 | D:5      | Reached skill level 9 in Axes
  7461 | D:6      | Reached *** piety under Okawaru
  7515 | D:6      | Noticed Sigmund
  7529 | D:6      | Killed Sigmund
  7529 | D:6      | Reached skill level 9 in Fighting
  7807 | D:6      | Reached skill level 10 in Axes
  7807 | D:6      | Reached XP level 9. HP: 84/84 MP: 11/11
  7926 | D:6      | Found a sparkling altar of Nemelex Xobeh.
  8111 | D:6      | Found a hazy altar of Hepliaklqana.
  8113 | D:6      | Found a snail-covered altar of Cheibriados.
  8319 | D:6      | Noticed Blork the orc
  8331 | D:6      | Killed Blork the orc
  8331 | D:6      | Reached skill level 1 in Armour
  8621 | D:7      | You fall through a shaft!
  8645 | D:8      | Found a staircase to the Lair.
  8713 | D:8      | Reached skill level 11 in Axes
  9155 | D:8      | Reached **** piety under Okawaru
  9196 | D:8      | Reached skill level 3 in Armour
  9883 | D:8      | Noticed a two-headed ogre
  9980 | D:8      | HP: 4/85 [two-headed ogre/giant club (5)]
 10019 | D:8      | Noticed a troll
 10022 | D:8      | HP: 1/85 [electric eel/bolt of electricity (7)]
 10024 | D:8      | Killed from afar by an electric eel

Vault maps used:
D:1:      dpeg_arrival_brainrot, serial_forest, infiniplex_forest_end_1,
          infiniplex_forest_straight_4, infiniplex_forest_zigzag_1,
          infiniplex_forest_zigzag_1, infiniplex_forest_clump_long,
          infiniplex_forest_clump_small, infiniplex_forest_corner_2,
          infiniplex_forest_lined_corner
D:2:      okawaru_metal_pillars_1_2, lemuel_crystal_altar,
          makhleb_blood_cavern_becter
D:3:      elyvilon_altar_3
D:4:      uniq_robin, uniq_natasha
D:5:      tso_altar, lemuel_temple_firewalk_a, nicolae_ossuary_entry_giza,
          first_bread
D:6:      nemelex_altar_shiori, chequers_temple_overflow_statue_of_worship,
          uniq_sigmund, uniq_blork_the_orc
D:7:      vehumet_altar_wand_db
D:8:      trog_ov_bears_minmay, erik_lair_island, serial_shops, shop_coins
Ossuary:  ossuary_kennysheep_city_of_the_dead

Skill      XL: |  1  2  3  4  5  6  7  8  9 |
---------------+----------------------------+-----
Fighting       | 1 2 3 4 5 6 7 9 10 | 10.0
Axes           | 1 2 4 6 7 10 11 | 11.7
Armour         | 4 |  4.2
Dodging        | |  1.5
Stealth        | |  1.5
Spellcasting   | |  1.5
Transmutations | |  0.6
Earth Magic    | |  3.0

Action                   |  1- 3 |  4- 6 |  7- 9 || total
-------------------------+-------+-------+-------++-------
Melee: Dagger            |    40 |   211 |   214 ||   465
       Hand axe          |    37 |       |   268 ||   305
       Punch             |       |     1 |       ||     1
 Cast: Sandblast         |    21 |       |       ||    21
Invok: Heroism           |       |     2 |    11 ||    13
  Use: Potion            |     2 |       |     4 ||     6
       Scroll            |       |     2 |     6 ||     8
 Stab: Sleeping          |     4 |     1 |       ||     5
  Eat: Chunk             |     2 |     9 |    15 ||    26
       Fruit             |     2 |       |     4 ||     6
Armor: Robe              |    25 |     3 |       ||    28
       Chain mail        |       |    88 |   283 ||   371
Dodge: Dodged            |    68 |    69 |   202 ||   339

Table legend:
 A = Spawn XP
 B = Non-spawn XP
 C = Spawn XP percentage of total XP
 D = Spawn monster count
 E = Non-spawn monster count
 F = Spawn count percentage of total count
 G = Total turns spent on level
                    A         B        C        D         E        F      G
               +---------+---------+-------+---------+---------+-------+---------
         Total |     485 |    3645 |  11.7 |      30 |     158 |  16.0 | 10024
               +---------+---------+-------+---------+---------+-------+---------
           D:1 |       4 |      21 |  16.0 |       4 |      13 |  23.5 |  1273
           D:2 |      14 |     101 |  12.2 |       7 |      18 |  28.0 |  1827
           D:3 |     130 |     533 |  19.6 |      12 |      48 |  20.0 |  2272
           D:4 |       1 |     124 |   0.8 |       1 |      10 |   9.1 |   481
           D:5 |       0 |     589 |   0.0 |       0 |      21 |   0.0 |  1152
           D:6 |     336 |     940 |  26.3 |       6 |      19 |  24.0 |   928
           D:7 |       0 |      78 |   0.0 |       0 |       3 |   0.0 |   257
           D:8 |       0 |     970 |   0.0 |       0 |      12 |   0.0 |  1403
       Ossuary |       0 |     289 |   0.0 |       0 |      14 |   0.0 |   431
               +---------+---------+-------+---------+---------+-------+---------
